 Dungeon Crawl Stone Soup version 0.29.1-13-g9f3cf754e1 (webtiles) character file.

Game seed: 10090406137010317790

111 tizbic2 the Gusty (level 4, 0/45 HPs)
             Began as an Ogre Air Elementalist on Feb 11, 2023.
             Was an Initiate of Yredelemnul.
             Slain by an ogre
             ... wielding a +0 giant club
              (16 damage)
             ... on level 3 of the Dungeon.
             The game lasted 00:10:26 (1953 turns).

tizbic2 the Gusty (Ogre Air Elementalist)           Turns: 1953, Time: 00:10:27

Health: 0/45       AC:  4    Str: 14    XL:     4   Next: 92%
Magic:  11/17      EV:  9    Int: 20    God:    Yredelemnul [......]
Gold:   84         SH:  5    Dex:  9    Spells: 3/9 levels left

rFire   . . .      SeeInvis .   q - +0 spear
rCold   . . .      Faith    .   (no shield)
rNeg    . . .      Spirit   .   s - +1 robe "Zithreraw" {-Tele Int+4 Archmagi}
rPois   .          Reflect  +   (helmet restricted)
rElec   .          Harm     .   (no cloak)
rCorr   .          Rampage  .   (gloves unavailable)
Will    .....      Archmagi +   (boots unavailable)
Stlth   +......... NoTele   +   d - amulet of reflection
HPRegen 0.15/turn               n - ring of magical power
MPRegen 0.15/turn               (no ring)

@: no status effects
A: large, unfitting armour, tough skin 1
a: Renounce Religion, Recall Undead Harvest


You were on level 3 of the Dungeon.
You worshipped Yredelemnul.
Yredelemnul was noncommittal.
You visited 1 branch of the dungeon, and saw 3 of its levels.

You collected 84 gold pieces.

Inventory:

Hand Weapons
 q - a +0 spear (weapon)
 r - a +1 dagger of venom
Missiles
 c - 23 stones
 h - 2 poisoned darts
Armour
 s - the +1 robe "Zithreraw" (worn) {-Tele Int+4 Archmagi}
   (You found it on level 2 of the Dungeon)

   Int:       It affects your intelligence (+4).
   -Tele:     It prevents most forms of teleportation.
   Archmagi:  It increases the power of your magical spells.
Jewellery
 d - an amulet of reflection (around neck)
 n - a ring of magical power (left hand)
Scrolls
 f - 2 scrolls of fear {unknown}
 i - 2 scrolls of silence {unknown}
 k - a scroll of immolation {unknown}
 o - a scroll of poison {unknown}
 t - a scroll of noise {unknown}
 u - a scroll of vulnerability
 x - a scroll of enchant weapon {unknown}
Potions
 a - a potion of lignification {unknown}
 b - 2 potions of magic
 e - 2 potions of flight {unknown}
 j - 3 potions of attraction {unknown}
 l - a potion of degeneration {unknown}
 m - a potion of mutation {unknown}
 p - a potion of resistance {unknown}
 v - a potion of cancellation {unknown}
 w - a potion of might {unknown}


   Skills:
 * Level 3.4 Fighting
 + Level 1.1 Polearms
 - Level 1.7 Dodging
 - Level 1.4 Stealth
 + Level 3.2 Spellcasting
 - Level 0.8 Conjurations
 * Level 3.5 Air Magic


You had 3 spell levels left.
You knew the following spells:

 Your Spells              Type           Power      Damage    Failure   Level
a - Shock                 Conj/Air       72%        1d7       5%          1
b - Static Discharge      Conj/Air       18%        3-6/arc   9%          2
c - Ozocubu's Armour      Ice            4%         N/A       38%         3

Your spell library contained the following spells:

 Spells                   Type           Power      Damage    Failure   Level
 Swiftness                Air            26%        N/A       10%         3
 Airstrike                Air            13%        2d(2-18)  32%         4
 Metabolic Englaciation   Hex/Ice        2%         N/A       98%         5
 Simulacrum               Ice/Necr       Unusable   N/A       N/A         6

Dungeon Overview and Level Annotations

Branches:
Dungeon (3/15)

Altars:
Uskayaw
Yredelemnul

Shops:
D:3 [


Innate Abilities, Weirdness & Mutations

You are too large for most types of armour.
You have tough skin. (AC +1)


Message History

You hit the ogre but do no damage.
The ogre hits you with a +0 giant club!!
Your goblin zombie barely misses the ogre.
You hit the ogre.
The ogre is lightly wounded.
Your goblin zombie hits the ogre but does no damage.
The ogre hits your goblin zombie with a +0 giant club!!
Your goblin zombie is destroyed!
The ogre shouts!
Your goblin zombie barely misses the ogre.
Casting: Shock (safe; 5% risk of failure)
Confirm with . or Enter, or press ? or * to list all spells.
Aiming: Shock (safe; 5% risk of failure)
Press: ? - help, Shift-Dir - straight line You feel a surge of power!
The zap hits the ogre.
The ogre is moderately wounded.
The zap hits the ogre.
The ogre is moderately wounded.
Your goblin zombie hits the ogre.
Casting: Shock (safe; 5% risk of failure)
Confirm with . or Enter, or press ? or * to list all spells.
You feel a surge of power! Really attack your goblin zombie?
The ogre is struck by an arc of lightning!
The ogre is severely wounded.
You are struck by an arc of lightning.
Your goblin zombie is struck by an arc of lightning.
The goblin zombie is moderately damaged.
The ogre is struck by an arc of lightning.
The ogre is almost dead.
The lightning grounds out.
The goblin zombie is struck by an arc of lightning.
The goblin zombie is severely damaged.
You are struck by an arc of lightning.
The goblin zombie is struck by an arc of lightning.
You destroy the goblin zombie!
That felt strangely unrewarding.
The lightning grounds out.
The ogre hits you with a +0 giant club!
You die...
Your body rises from the dead as a mindless zombie.

....ZZ.# #.####...,#,,.*,,,,,,*
....Z..# #.##...##.#,..,,,,,,,+
######.#####.##....#.#.#.,,,,,,,*
#.Z..ZZ.Z..._.......,,,,,,,,
#######.#.#....##.##*,,,,,,>
#.#.##...#*,* *,,,,,,,
#.#....###*,**#,,,,,,,
#.####.####...+,,,,,,,
#....@O.......#,,,,,,*
######.......##,,,,,,*
#########*,,,,,,* ********


You could see an ogre.

Vanquished Creatures
  5 adders
  An adder zombie (D:2)
  2 adder skeletons (D:2)
  A dart slug (D:1)
  2 orcs (D:3)
  4 ball pythons
  A bat zombie (D:2)
  An endoplasm (D:3)
  2 giant cockroaches
  8 goblins
  3 hobgoblins
  3 kobolds
  A ball python zombie (D:2)
  3 bats
  A goblin zombie (D:3)
38 creatures vanquished.

Vanquished Creatures (collateral kills)
  2 bats
  A bat zombie (D:1)
  An endoplasm (D:1)
  2 goblins (D:2)
  2 hobgoblins (D:1)
  2 ball pythons (D:1)
  2 ball python skeletons (D:2)
  A frilled lizard (D:1)
  A kobold (D:2)
  A quokka skeleton (D:2)
  A rat (D:1)
16 creatures vanquished.

Vanquished Creatures (others)
  An adder zombie (D:2)
  2 bat zombies
  A giant cockroach zombie (D:3)
  4 goblin zombies
  A hobgoblin zombie (D:2)
  A kobold zombie (D:3)
  An orc zombie (D:3)
  2 plants
  A withered plant (D:2)
14 creatures vanquished.

Grand Total: 68 creatures vanquished

Notes
Turn   | Place    | Note
-------+----------+-------------------------------------------
     0 | D:1      | tizbic2 the Ogre Air Elementalist began the quest for the
                  | Orb.
     0 | D:1      | Reached XP level 1. HP: 16/16 MP: 3/3
   189 | D:1      | Found a faded altar of an unknown god.
   203 | D:1      | Prayed at the altar of an unknown god.
   203 | D:1      | Became a worshipper of Yredelemnul the Dark
   203 | D:1      | Reached * piety under Yredelemnul
   283 | D:1      | Reached skill level 1 in Fighting
   283 | D:1      | Reached XP level 2. HP: 21/27 MP: 5/5
  1040 | D:2      | Reached XP level 3. HP: 34/35 MP: 7/7
  1274 | D:2      | Reached XP level 4. HP: 33/44 MP: 8/8
  1463 | D:2      | Identified the +1 robe "Zithreraw" {-Tele Int+4 Archmagi}
  1478 | D:2      | Learned a level 2 spell: Static Discharge
  1482 | D:2      | Learned a level 3 spell: Ozocubu's Armour
  1589 | D:3      | Reached skill level 1 in Polearms
  1591 | D:3      | Found Ziuremon's Armour Boutique.
  1922 | D:3      | Found a hide-covered altar of Uskayaw.
  1934 | D:3      | Noticed an ogre
  1953 | D:3      | Slain by an ogre

Illustrated notes

Levels and vault maps discovered:
D:1:      dpeg_arrival_chambers_temple_mockup, layout_basic,
          basic_ecumenical_altar, grunt_decor_arrowhead
D:2:      layout_basic, serial_undead, serial_undead_c, serial_undead_b,
          serial_undead_e, serial_undead_d, serial_undead_e, serial_undead_c,
          serial_undead_b, serial_undead_f, serial_bayou_pond_d,
          chequers_mini_garden, minmay_goblin_outpost
D:3:      layout_basic, nicolae_overflow_crystal_walls, serial_shops, shop,
          serial_bayou_ford_a

Skill      XL: |  1  2  3  4 |
---------------+-------------+-----
Fighting       | 1 2 3 |  3.4
Air Magic      | 3 |  3.5
Spellcasting   | 3 |  3.2
Polearms       | 1 |  1.1
Dodging        | |  1.7
Stealth        | |  1.4
Conjurations   | |  0.8

Action                   |  1- 3 |  4- 6 || total
-------------------------+-------+-------++-------
Melee: Unarmed           |    10 |       ||    10
       Club              |    15 |       ||    15
       Spear             |    21 |    71 ||    92
       Dagger            |    10 |     3 ||    13
 Cast: Shock             |    18 |    18 ||    36
       Static Discharge  |       |     2 ||     2
  Use: Scroll            |       |     3 ||     3
 Stab: Distracted        |       |     1 ||     1
       Sleeping          |       |     1 ||     1
Armor: Robe              |    38 |    27 ||    65
Dodge: Dodged            |    30 |    37 ||    67
Block: Other             |    20 |    21 ||    41
       Reflection        |     6 |       ||     6
